 Dungeon Crawl Stone Soup version 0.31-a0-166-g46f44d267d (webtiles) character file.

Game seed: 17657338719426624649

63 GabrielManson the Trooper (level 3, 0/29 HPs)
             Began as a Demonspawn Fighter on June 14, 2023.
             Slain by Terence
             ... wielding a +0 mace of venom
              (6 damage)
             ... on level 2 of the Dungeon.
             The game lasted 00:05:47 (1052 turns).

GabrielManson the Trooper (Demonspawn Fighter)      Turns: 1052, Time: 00:05:47

Health: 0/29       AC: 13    Str: 16    XL:     3   Next: 89%
Magic:  3/3        EV:  4    Int:  9    God:
Gold:   71         SH:  5    Dex: 14    Spells: 2/2 levels left

rFire   . . .        a - +0 long sword
rCold   . . .        c - +0 buckler
rNeg    . . .        j - +0 plate armour
rPois   .            (no helmet)
rElec   .            (no cloak)
rCorr   .            k - +1 pair of gloves
SInv    .            (no boots)
Will    .....        (no amulet) Stlth
                     (no ring)
HPRegen 0.24/turn    (no ring)
MPRegen 0.08/turn

%: no passive effects
@: lethally poisoned (0 -> -16)
A: hooves 1, powered by death 1
a: no special abilities


You were on level 2 of the Dungeon.
You visited 1 branch of the dungeon, and saw 2 of its levels.

You collected 71 gold pieces.

Inventory:

Hand Weapons
 a - a +0 long sword (weapon)
Armour
 b - a +0 scale mail
 c - a +0 buckler (worn)
 j - a +0 plate armour (worn)
 k - a +1 pair of gloves (worn)
Scrolls
 e - a scroll of fear {unknown}
 f - 2 scrolls of identify {unknown}
 g - a scroll of enchant weapon {unknown}
 i - a scroll of butterflies {unknown}
 l - a scroll of teleportation {unknown}
 m - a scroll of blinking {unknown}
Potions
 d - a potion of might
 h - a potion of invisibility {unknown}


   Skills:
 - Level 3.5 Fighting
 + Level 2.4 Long Blades
 + Level 3.2 Armour
 + Level 3.2 Shields


You had 2 spell levels left.
You didn't know any spells.
Your spell library contained the following spells:

 Spells                   Type           Power      Damage    Failure   Level
 Ensorcelled Hibernation  Hex/Ice        0%         N/A       100%        2
 Spider Form              Tmut/Pois      0%         N/A       100%        3
 Anguish                  Hex/Necr       0%         N/A       100%        4


Dungeon Overview and Level Annotations

Branches:
Dungeon (2/15)

Altars:

Annotations:
D:2 Terence


Innate Abilities, Weirdness & Mutations

You have large cloven feet.
You regenerate a little health from kills.


Message History

An adder comes into view.
The adder hisses angrily.
You miss the adder. You kick the adder.
The adder is moderately wounded.
The adder bites you but does no damage. x2
You hit the adder.
The adder is severely wounded.
The adder bites you. The adder bites you but does no damage.
You hit the adder.
You kill the adder!
No target in view!
There is a stone staircase leading down, spattered with blood here.
You now have 71 gold pieces (gained 13).
m - a scroll labelled ERGHOD CICIXI
There is a stone staircase leading down, spattered with blood here.
You open the door.
Terence the Incautious comes into view.
He is wielding a +0 mace of venom.
Sorry, you're not good enough to have a special ability.
You hit Terence but do no damage. You block Terence's attack.
Terence hits you but does no damage.
You are poisoned.
You closely miss Terence. You kick Terence, but do no damage.
You feel very sick. Terence hits you but does no damage.
You are more poisoned.
You hit Terence but do no damage. You kick Terence, but do no damage.
You feel very sick.
Terence hits you with a +0 mace of venom.
You are more poisoned.
You completely miss Terence. Your kick misses Terence.
You feel very sick.
Terence hits you with a +0 mace of venom.
You are more poisoned.
You block Terence's attack.
You barely miss Terence. You kick Terence.
Terence is lightly wounded.
* * * LOW HITPOINT WARNING * * *
You feel very sick.
Terence hits you with a +0 mace of venom.
You die...

#..........# #...#..#
#..........# #......#
#..........###.......
..............'.......
################.......
.###+###...............#
.......................#
##....................#
#...@@...............#
.......................#
..##.##..........#######
. ................# ....
.............# ...
############.#### ..#
#....# #############.#
#.............#


You could see Terence.

Vanquished Creatures
  3 adders (D:2)
  A dart slug (D:1)
  5 ball pythons
  3 bats
  An endoplasm (D:1)
  4 goblins (D:1)
  5 hobgoblins
  2 kobolds (D:1)
  2 quokkas (D:1)
  2 frilled lizards (D:1)
  4 rats
32 creatures vanquished.

Notes
Turn   | Place    | Note
-------+----------+-------------------------------------------
     0 | D:1      | GabrielManson the Demonspawn Fighter began the quest for
                  | the Orb.
     0 | D:1      | Reached XP level 1. HP: 18/18 MP: 1/1
   129 | D:1      | Discovered your monstrous ancestry.
   129 | D:1      | Gained mutation: You have large cloven feet. [demonic
                  | ancestry]
   129 | D:1      | Reached XP level 2. HP: 24/24 MP: 2/2
   523 | D:1      | Gained mutation: You regenerate a little health from kills.
                  | [demonic ancestry]
   523 | D:1      | Reached XP level 3. HP: 27/29 MP: 3/3
   638 | D:1      | Found a faded altar of an unknown god.
  1044 | D:2      | Noticed Terence
  1052 | D:2      | Slain by Terence

Illustrated notes

Levels and vault maps discovered:
D:1:      lemuel_arrival_behind_the_door_small, layout_basic,
          shapermc_ecumenical_altar_petra, minmay_crystal_room
D:2:      layout_basic, uniq_terence

Skill      XL: |  1  2 |
---------------+-------+-----
Long Blades    | 2 |  2.4
Shields        | 3 |  3.2
Armour         | 3 |  3.2
Fighting       | |  3.5

Action                     || total
---------------------------++-------
  Melee: Long sword        ||   103
         Kick              ||    19
 Armour: Scale mail        ||    36
         Plate armour      ||    14
  Dodge: Dodged            ||    36
  Block: Buckler           ||    18

Table legend: (Time is in decaauts)
 A = Elapsed time spent in this place.
 B = Non-inter-level travel time spent in this place.
 C = Inter-level travel time spent in this place.
 D = Time resting spent in this place.
 E = Time spent auto-exploring this place.
 F = Levels seen in this place.
 G = Mean time per level.
                   A        B        C        D        E       F      G
               +--------+--------+--------+--------+--------+-----+--------+
         Total |   1086 |   1059 |     27 |     52 |    663 |   2 |  543.0 |
       Dungeon |   1086 |   1059 |     27 |     52 |    663 |   2 |  543.0 |
               +--------+--------+--------+--------+--------+-----+--------+

Top non-repeatable levels by time:
     D:1: 699 daAuts
     D:2: 386 daAuts
